Map: 10000 Feet LE

Players

Darhalas

  • Race: Terran Terran
  • League: Silver
  • Spawn Location: 5:00

A.I. 1 (Elite) - Winner!

  • Race: Zerg Zerg
  • Spawn Location: 11:00

VOD

Have the link to the VOD?

Description

Time

  • Played on: July 6, 2026, 3:22 a.m.
  • Length: 13:17
Show
View Real Time Build Order
Export as new Build Order

Darhalas Terran 

Build Orders: Command Center First 

Get SALT Encoding   

  8  0:00  SCV  
  9  0:12  SCV  
  10  0:22  Supply Depot  
  10  0:29  SCV  
  11  0:41  SCV  
  12  0:53  SCV  
  13  1:06  SCV  
  14  1:18  SCV  
  15  1:30  SCV  
  16  1:34  Command Center  
  16  1:42  SCV  
  17  1:48  Barracks  
  17  1:54  SCV  
  17  2:00  Refinery  
  18  2:04  Refinery  
  18  2:06  SCV  
  19  2:19  SCV  
  19  2:20  Supply Depot  
  20  2:32  SCV  
  21  2:38  Barracks  
  21  2:39  Barracks Tech Lab  
  21  2:48  Supply Depot  
  21  2:58  SCV x2  
  23  3:06  Concussive Shells  
  23  3:10  SCV  
  23  3:12  Marauder  
  26  3:27  Factory  
  26  3:30  Barracks Reactor  
  26  3:38  Marauder  
  26  3:40  Orbital Command  
  28  3:49  SCV  
  28  3:54  Stimpack  
  27  4:13  Marine x2  
  27  4:15  Factory Tech Lab  
  29  4:27  Marauder  
  21  4:31  Marine x2  
  15  5:05  Widow Mine  
  17  5:09  Armory  
  17  5:23  Marine x2  
  17  5:24  Marauder  
  21  5:40  Widow Mine, SCV  
  24  5:55  Drilling Claws  
  24  6:01  SCV  
  24  6:02  SCV  
  26  6:22  SCV x2  
  28  6:31  Widow Mine  
  28  6:39  SCV x2  
  30  6:51  SCV x2, Terran Vehicle And Ship Armor Level 1  
  32  7:14  Smart Servos  
  32  7:23  Marine x2, Marauder  
  32  7:24  SCV x2  
  32  7:25  Widow Mine  
  40  7:39  SCV x2  
  42  7:44  Marine  
  42  7:45  Marine  
  42  7:50  Marauder  
  47  7:51  SCV  
  47  7:52  SCV  
  48  8:03  SCV  
  48  8:04  SCV  
  50  8:15  Starport  
  50  8:17  Combat Shield  
  50  8:22  Supply Depot  
  50  8:34  Marine x2, SCV  
  50  8:38  Marauder  
  47  8:53  Widow Mine  
  47  8:54  Marine x2  
  49  8:59  Marauder  
  51  9:12  Marine x2  
  51  9:14  Siege Tank  
  48  9:21  Marauder  
  50  9:26  Refinery  
  50  9:27  Refinery  
  50  9:32  Engineering Bay  
  50  9:35  Engineering Bay  
  48  9:40  Command Center  
  48  9:42  Orbital Command  
  48  9:51  Starport Reactor  
  48  9:53  SCV  
  49  10:04  Terran Infantry Weapons Level 1  
  49  10:05  Terran Infantry Armor Level 1, SCV  
  50  10:17  SCV  
  51  10:21  Supply Depot  
  51  10:25  Terran Vehicle Weapons Level 1  
  51  10:30  SCV  
  52  10:42  SCV  
  41  10:56  Siege Tank  
  41  10:57  Liberator x2  
  44  10:58  Marine x2, Marauder  
  54  11:05  Barracks  
  52  11:27  Supply Depot  
  52  11:29  Armory  
  52  11:31  SCV  
  52  11:32  SCV  
  54  11:35  Marine x2, Marauder  
  54  11:36  Thor  
  64  11:41  SCV  
  64  11:43  SCV  
  64  11:44  SCV  
  67  11:53  SCV  
  68  11:56  SCV x2  
  67  12:05  SCV  
  67  12:08  SCV x2  
  67  12:17  Armory  
  67  12:20  SCV  
  65  12:25  Barracks Reactor  
  65  12:26  Marine x2  
  65  12:27  Marauder  
  68  12:34  Widow Mine  
  66  12:53  Marine x2, Marauder  
  70  13:13  Engineering Bay  
Show
View Real Time Build Order
Export as new Build Order

A.I. 1 (Elite) Zerg - Winner!

Build Orders: Pool First 

Get SALT Encoding   

  8  0:00  Drone  
  9  0:11  Drone  
  10  0:16  Drone  
  11  0:22  Drone  
  12  0:33  Overlord  
  12  0:51  Drone x2  
  14  1:01  Spawning Pool  
  14  1:03  Drone  
  14  1:08  Extractor  
  13  1:11  Drone  
  13  1:16  Drone  
  15  1:48  Queen, Zergling x2  
  15  1:49  Zergling x4  
  20  1:58  Overlord  
  20  2:26  Hatchery  
  19  2:31  Drone  
  19  2:36  Zergling x2  
  21  2:41  Zergling x2  
  22  2:54  Baneling Nest  
  22  2:56  Drone  
  22  3:02  Zergling x2  
  23  3:07  Zergling x2  
  23  3:11  Zergling x2  
  25  3:15  Zergling x2  
  26  3:38  Zergling x2  
  26  3:50  Overlord  
  26  3:55  Zergling x2  
  27  4:01  Zergling x2  
  28  4:06  Zergling x2  
  29  4:11  Zergling x2  
  29  4:16  Zergling x2  
  31  4:21  Extractor  
  31  4:23  Drone  
  30  4:28  Drone, Baneling x2  
  29  4:32  Drone  
  29  4:33  Baneling x2  
  29  4:36  Zergling x2  
  29  4:38  Baneling  
  28  4:39  Baneling  
  26  4:47  Roach Warren  
  24  4:56  Drone  
  24  4:59  Drone  
  25  5:03  Drone  
  26  5:08  Drone  
  26  5:12  Zergling x2  
  26  5:16  Drone  
  27  5:21  Drone  
  27  5:29  Roach  
  27  5:30  Roach  
  27  5:35  Roach  
  33  5:40  Roach  
  35  5:46  Overlord  
  35  5:52  Roach  
  37  5:57  Roach  
  39  6:07  Lair  
  39  6:23  Drone  
  40  6:28  Overlord  
  39  6:33  Drone  
  39  6:35  Drone  
  39  6:39  Drone  
  42  6:42  Drone  
  42  6:45  Drone  
  44  6:48  Drone  
  44  6:50  Drone  
  44  6:54  Drone  
  47  6:56  Drone  
  48  7:01  Overlord  
  48  7:04  Drone  
  48  7:06  Drone, Hydralisk Den  
  49  7:09  Drone  
  49  7:12  Drone  
  49  7:13  Drone  
  52  7:15  Drone  
  52  7:18  Drone  
  52  7:20  Drone  
  55  7:23  Overlord  
  55  7:30  Drone  
  55  7:32  Drone  
  55  7:33  Overseer  
  57  7:40  Drone, Hydralisk  
  57  7:41  Drone, Infestation Pit  
  57  7:43  Hydralisk  
  62  7:47  Overlord  
  62  7:50  Drone  
  63  7:54  Drone  
  64  7:59  Drone  
  64  8:03  Drone  
  66  8:08  Ravager x2  
  66  8:10  Roach  
  66  8:11  Evolution Chamber  
  66  8:12  Overlord, Roach, Drone  
  72  8:14  Drone  
  72  8:19  Roach  
  75  8:22  Hatchery  
  75  8:24  Infestor  
  76  8:29  Drone  
  73  8:34  Zergling x2  
  73  8:37  Zerg Ground Armor Level 1  
  73  8:39  Zergling x2  
  66  8:44  Zergling x4, Roach  
  66  8:45  Extractor, Roach  
  65  8:49  Infestor  
  65  8:53  Extractor  
  65  8:55  Zergling x2  
  60  8:59  Roach  
  60  9:05  Roach  
  60  9:06  Spine Crawler  
  60  9:08  Overseer  
  60  9:09  Roach  
  63  9:15  Drone x2  
  63  9:16  Drone  
  65  9:17  Spine Crawler  
  65  9:19  Ravager, Drone  
  65  9:20  Ravager  
  67  9:25  Overlord  
  67  9:29  Drone  
  67  9:31  Queen  
  68  9:34  Drone  
  68  9:35  Drone  
  72  9:39  Drone  
  72  9:44  Drone, Pneumatized Carapace  
  72  9:45  Drone  
  75  9:47  Hydralisk  
  75  9:48  Drone, Roach  
  75  9:49  Roach  
  75  9:50  Extractor  
  81  9:54  Roach  
  81  9:55  Hydralisk  
  81  9:58  Overlord  
  85  10:03  Drone  
  85  10:06  Drone  
  87  10:08  Drone  
  87  10:12  Burrow  
  87  10:13  Spore Crawler, Drone  
  88  10:16  Drone, Spore Crawler  
  88  10:18  Infestor  
  88  10:19  Overlord, Drone x2  
  92  10:23  Drone  
  92  10:27  Drone  
  95  10:28  Drone  
  95  10:33  Drone  
  95  10:34  Zerg Ground Armor Level 2  
  96  10:37  Roach  
  96  10:38  Drone  
  99  10:43  Overlord  
  99  10:45  Infestor, Hydralisk  
  99  10:46  Zergling x2  
  99  10:47  Drone  
  99  10:49  Roach  
  105  10:51  Zergling x2, Roach  
  105  10:52  Drone  
  105  10:53  Drone  
  108  11:01  Evolution Chamber, Drone x2  
  108  11:03  Overlord  
  109  11:07  Drone, Baneling  
  109  11:08  Baneling  
  109  11:09  Zergling x2  
  111  11:13  Drone, Neural Parasite  
  111  11:14  Drone  
  111  11:15  Zergling x2, Roach  
  116  11:19  Baneling  
  116  11:20  Glial Reconstitution  
  116  11:21  Overlord, Drone  
  116  11:23  Drone x2, Zergling x2, Roach  
  122  11:28  Hydralisk  
  122  11:32  Infestor  
  123  11:36  Extractor, Roach  
  123  11:38  Queen  
  123  11:39  Drone, Roach, Overlord  
  129  11:40  Lurker Den  
  129  11:43  Hatchery  
  129  11:46  Drone  
  129  11:47  Drone  
  129  11:49  Roach x8  
  129  11:52  Spine Crawler  
  129  11:54  Drone  
  131  11:57  Roach x2  
  131  11:59  Spire  
  131  12:00  Overlord  
  127  12:01  Drone  
  127  12:03  Drone  
  127  12:04  Drone  
  128  12:09  Zergling x2  
  128  12:10  Zergling x2  
  128  12:11  Zergling x2  
  131  12:18  Overlord  
  131  12:22  Zergling x2  
  123  12:24  Zergling x2  
  123  12:36  Evolution Chamber  
  119  12:39  Spine Crawler  
  114  12:53  Hydralisk, Zergling x2  
  114  12:56  Drone x3  
  117  13:03  Extractor  
  117  13:05  Drone  
Tags
 
Add a new tag
Caveats
  • Supply blocks, unpowered buildings, or Contaminate may cause inaccurate times.
  • Supply counts are checked every 10 seconds.